 Dungeon Crawl Stone Soup version 0.29-a0-1008-g949cc1d0fb (webtiles) character file.

Game seed: 15461232177873920075

465 mandarbmax the Trooper (level 7, -1/76 HPs)
             Began as an Ogre Transmuter on Aug 7, 2022.
             Constricted to death by Ijyb (5 damage)
             ... on level 5 of the Dungeon.
             The game lasted 00:08:18 (4131 turns).

mandarbmax the Trooper (Ogre Transmuter)            Turns: 4131, Time: 00:08:19

Health: -1/76      AC:  3    Str: 14    XL:     7   Next: 8%
Magic:  10/11      EV:  7    Int: 15    God:
Gold:   219        SH:  5    Dex: 13    Spells: 6/12 levels left

rFire   . . .      SeeInvis .     - Unarmed
rCold   . . .      Faith    .   (no shield)
rNeg    + . .      Spirit   .   a - +0 robe
rPois   .          Reflect  +   (helmet currently unavailable)
rElec   .          Harm     .   (no cloak)
rCorr   .          Rampage  .   (gloves unavailable)
Will    .....                   (boots unavailable)
Stlth   +.........              p - amulet of reflection
HPRegen 0.22/turn               f - ring of flight
MPRegen 0.12/turn               q - ring of positive energy

@: appendages, grasped by roots, flying, constricted
A: horns 2, talons 2, large, unfitting armour, tough skin 1, agile 1
a: End Transformation


You were on level 5 of the Dungeon.
You had temporarily grown beastly horns and talons.
You visited 1 branch of the dungeon, and saw 5 of its levels.

You collected 219 gold pieces.

Inventory:

Armour
 a - a +0 robe (worn)
Jewellery
 f - a ring of flight (left hand)
 p - an amulet of reflection (around neck)
 q - a ring of positive energy (right hand)
Scrolls
 d - a scroll of poison {unknown}
 g - a scroll of fear {unknown}
 h - a scroll of teleportation {unknown}
 l - a scroll of silence {unknown}
 m - a scroll of immolation {unknown}
 r - a scroll of blinking
 s - a scroll of identify {unknown}
 t - a scroll of butterflies {unknown}
 v - a scroll of enchant weapon {unknown}
Potions
 b - 2 potions of lignification
 c - a potion of haste {unknown}
 e - a potion of resistance {unknown}
 j - a potion of invisibility {unknown}
 k - 2 potions of mutation
 n - 2 potions of degeneration {unknown}
 o - 2 potions of might {unknown}
 u - 2 potions of heal wounds {unknown}


   Skills:
 + Level 6.8 Fighting
 - Level 2.0 Dodging
 - Level 4.0 Unarmed Combat
 - Level 3.0 Spellcasting
 * Level 2.7 Transmutations
 * Level 1.6 Poison Magic


You had 6 spell levels left.
You knew the following spells:

 Your Spells              Type           Power      Damage    Failure   Level
a - Beastly Appendage     Tmut           20%        N/A       6%          1
b - Wereblood             Tmut           10%        N/A       10%         2
c - Spider Form           Tmut/Pois      8%         N/A       24%         3

Your spell library contained the following spells:

 Spells                   Type           Power      Damage    Failure   Level
 Slow                     Hex            8%         N/A       21%         1
 Confusing Touch          Hex            2%         N/A       52%         3
 Vampiric Draining        Necr           2%         2d6       52%         3
 Ice Form                 Ice/Tmut       6%         N/A       75%         4


Dungeon Overview and Level Annotations

Branches:
Dungeon (5/15)
 Temple: D:4-7

Altars:
Elyvilon
Fedhas
Uskayaw
Vehumet
Yredelemnul

Shops:
D:2 *

Annotations:
D:5 Ijyb


Innate Abilities, Weirdness & Mutations

You have temporarily grown beastly horns and talons.
You are too large for most types of armour.
You have tough skin. (AC +1)
You are agile. (Dex +4, Str/Int -1)


Message History

Ijyb barely misses you. The grasping roots constrict you.
The grasping roots release their grip on you.
You barely miss Ijyb.
Ijyb is severely wounded.
Ijyb closely misses you.
You hit Ijyb but do no damage.
Ijyb is severely wounded.
Ijyb hits you but does no damage.
You closely miss Ijyb.
Ijyb is severely wounded.
Your horns disappear.
Your talons disappear.
Ijyb zaps a wand.
The roots erupt in riotous growth!
The grasping roots grab you!
Ijyb is unaffected.
The grasping roots constrict you.
* * * LOW HITPOINT WARNING * * *
Casting: Beastly Appendage (safe; 6% risk of failure)
Confirm with . or Enter, or press ? or * to list all spells.
You grow a pair of large bovine horns.
Your feet morph into talons.
Ijyb hits you with a +0 dagger.
* * * LOW HITPOINT WARNING * * *
The grasping roots constrict you.
* * * LOW HITPOINT WARNING * * *
You closely miss Ijyb. You headbutt Ijyb.
Ijyb is severely wounded.
Ijyb hits you with a +0 dagger.
* * * LOW HITPOINT WARNING * * *
The grasping roots constrict you.
* * * LOW HITPOINT WARNING * * *
The grasping roots release their grip on you.
You closely miss Ijyb. Your kick misses Ijyb.
Ijyb is severely wounded.
Ijyb zaps a wand.
The roots erupt in riotous growth!
The grasping roots grab you!
Ijyb is unaffected.
The grasping roots constrict you.
* * * LOW HITPOINT WARNING * * *
Unknown command.
It was a potion of mutation.
You feel extremely strange.
You feel agile. Ijyb completely misses you. The grasping roots constrict you.
You die...

#.....## #
+......#.#
#......#.#
#........
#......#
#....†.#
#......#
####.#....<.#
......g@...†#
'###.####......#
# .......#
###.....#
#.....# #.....#
#.....# ....#


You could see Ijyb.

Vanquished Creatures
  An ogre (D:4)
  A phantom (D:4)
  A scorpion (D:4)
  An orc priest (D:3)
  An orc wizard (D:3)
  11 adders
  2 worms
  3 dart slugs
  10 orcs
  4 bats
  7 endoplasms
  2 giant cockroaches (D:2)
  7 goblins
  6 hobgoblins
  6 jackals (D:3)
  3 kobolds
  3 quokkas
  3 ball pythons
  6 frilled lizards
  3 rats
81 creatures vanquished.

Vanquished Creatures (others)
  A plant (D:2)
1 creature vanquished.

Grand Total: 82 creatures vanquished

Notes
Turn   | Place    | Note
-------+----------+-------------------------------------------
     0 | D:1      | mandarbmax the Ogre Transmuter began the quest for the Orb.
     0 | D:1      | Reached XP level 1. HP: 19/19 MP: 3/3
   459 | D:1      | Found a faded altar of an unknown god.
   568 | D:1      | Reached XP level 2. HP: 27/27 MP: 3/5
   790 | D:1      | Learned a level 2 spell: Wereblood
  1028 | D:2      | Reached skill level 2 in Fighting
  1028 | D:2      | Reached XP level 3. HP: 35/35 MP: 1/7
  1324 | D:2      | Identified the +7 dagger "Sarcophage" {vamp, Str+3}
  1608 | D:2      | Reached XP level 4. HP: 44/44 MP: 6/8
  1632 | D:2      | Found Miky's Assorted Antiques.
  2098 | D:3      | Found a white marble altar of Elyvilon.
  2280 | D:3      | Reached skill level 3 in Fighting
  2281 | D:3      | Reached XP level 5. HP: 54/54 MP: 6/9
  2282 | D:3      | Reached skill level 4 in Fighting
  2928 | D:4      | Reached skill level 5 in Fighting
  2997 | D:4      | Noticed an ogre
  3009 | D:4      | Killed an ogre
  3010 | D:4      | Reached skill level 6 in Fighting
  3010 | D:4      | Reached XP level 6. HP: 63/67 MP: 10/10
  3336 | D:4      | Identified the +1 chain mail of Prudence {*Corrode Fly
                  | Dex+6}
  3341 | D:4      | Learned a level 3 spell: Spider Form
  3425 | D:4      | Reached skill level 1 in Poison Magic
  3764 | D:4      | Found a radiant altar of Vehumet.
  3764 | D:4      | Found a hide-covered altar of Uskayaw.
  3791 | D:4      | Reached XP level 7. HP: 47/76 MP: 11/11
  3935 | D:4      | Found a faded altar of an unknown god.
  3940 | D:4      | Found a basalt altar of Yredelemnul.
  3942 | D:4      | Found a blossoming altar of Fedhas.
  4081 | D:5      | Entered Level 5 of the Dungeon
  4109 | D:5      | Noticed Ijyb
  4131 | D:5      | Gained mutation: You are agile. (Dex +4, Str/Int -1)
                  | [potion of mutation]
  4131 | D:5      | Constricted to death by Ijyb

Illustrated notes

Levels and vault maps discovered:
D:1:      wander_arrival_lonely_grave, layout_rooms,
          hellmonk_ecumenical_altar_zigzags, bh_walls_and_bars
D:2:      layout_basic, serial_shops, nicolae_shop_overgrown_old_shop
D:3:      layout_basic, elyvilon_altar_3
D:4:      layout_cave_pools, chequers_temple_overflow_minitemple
D:5:      minmay_angry_zag, layout_basic, minmay_temple_entry_wispy,
          uniq_menkaure, uniq_ijyb

Skill      XL: |  1  2  3  4  5  6 |
---------------+-------------------+-----
Dodging        | 2 |  2.0
Transmutations | 2 |  2.7
Unarmed Combat | 3 4 |  4.0
Fighting       | 2 3 6 |  6.8
Spellcasting   | 3 |  3.0
Poison Magic   | 1 |  1.6

Action                   |  1- 3 |  4- 6 |  7- 9 || total
-------------------------+-------+-------+-------++-------
Melee: Unarmed           |    74 |   151 |    30 ||   255
       Kick              |    15 |    19 |     8 ||    42
       Headbutt          |     4 |     8 |     6 ||    18
       Punch             |       |     2 |       ||     2
 Cast: Beastly Appendage |    21 |    26 |     4 ||    51
       Wereblood         |     2 |     6 |     1 ||     9
  Use: Scroll            |       |       |     2 ||     2
       Potion            |       |       |     1 ||     1
Armor: Robe              |    21 |    22 |     5 ||    48
Dodge: Dodged            |    35 |    66 |    10 ||   111
Block: Orb               |       |    26 |       ||    26
       Other             |       |     7 |     3 ||    10
       Reflection        |       |     1 |       ||     1

Table legend: (Time is in decaauts)
 A = Elapsed time spent in this place.
 B = Non-inter-level travel time spent in this place.
 C = Inter-level travel time spent in this place.
 D = Time resting spent in this place.
 E = Time spent auto-exploring this place.
 F = Levels seen in this place.
 G = Mean time per level.
                   A        B        C        D        E       F      G
               +--------+--------+--------+--------+--------+-----+--------+
         Total |   4259 |   4118 |    141 |   1054 |   2465 |   5 |  851.8 |
       Dungeon |   4259 |   4118 |    141 |   1054 |   2465 |   5 |  851.8 |
               +--------+--------+--------+--------+--------+-----+--------+

Top non-repeatable levels by time:
     D:3: 1145 daAuts
     D:1: 1092 daAuts
     D:4: 1023 daAuts
     D:2: 949 daAuts
     D:5: 47 daAuts
